 Dungeon Crawl Stone Soup version 0.24.0-13-gcf9b3192b9 (webtiles) character file.

Game seed: 8939716561022615046, levelgen mode: deterministic

895 Esekla the Skirmisher (level 8, -1/61 HPs)
             Began as a Formicid Enchanter on Nov 5, 2019.
             Slain by Pikel
             ... wielding a +1 whip of electrocution
              (18 damage)
             ... on level 4 of the Dungeon.
             The game lasted 01:04:13 (7775 turns).

Esekla the Skirmisher (Formicid Enchanter)          Turns: 7775, Time: 01:04:13

Health: -1/61      AC:  8    Str: 12    XL:     8   Next: 27%
Magic:  4/13       EV: 15    Int: 18    God:
Gold:   326        SH:  0    Dex: 11    Spells: 6/13 levels left

rFire    . . .     SeeInvis +   a - +1 dagger
rCold    . . .     Gourm    .   (no shield)
rNeg     . . .     Faith    .   D - +1 robe {MR+}
rPois    .         Spirit   .   (helmet unavailable)
rElec    .         Reflect  .   c - +0 cloak
rCorr    .         Harm     .   x - +0 pair of gloves
MR       +....                  E - +2 pair of boots
Stlth    ++........             (no amulet)
HPRegen  0.20/turn              r - +2 ring of evasion
MPRegen  0.13/turn              (no ring)

@: no status effects
A: permanent stasis, dig shafts and tunnels, four strong arms, antennae 3
a: Dig, Shaft Self


You were on level 4 of the Dungeon.
You were not hungry.

You visited 2 branches of the dungeon, and saw 8 of its levels.

You collected 326 gold pieces.

Inventory:

Hand Weapons
 a - a +1 dagger (weapon)
 k - a +2 hunting sling of velocity
 n - a +0 trident
 y - a +1 hunting sling of velocity
Missiles
 i - 3 poisoned darts (quivered)
 l - 32 sling bullets
Armour
 c - a +0 cloak (worn)
 p - a +0 buckler
 x - a +0 pair of gloves (worn)
 D - a +1 robe of magic resistance (worn)
 E - a +2 pair of boots (worn)
Jewellery
 r - a +2 ring of evasion (left hand)
Wands
 o - a wand of paralysis (18)
 s - a wand of polymorph (8)
Scrolls
 b - a scroll of enchant weapon {unknown}
 e - a scroll of magic mapping {unknown}
 g - a scroll of fear {unknown}
 h - a scroll of remove curse
 j - a scroll of teleportation {unknown}
 q - a scroll of enchant armour {unknown}
 t - a scroll of blinking {unknown}
 C - 2 scrolls of identify
Potions
 f - a potion of degeneration {unknown}
 m - 4 potions of brilliance
 u - a potion of lignification
 v - a potion of heal wounds
 w - 2 potions of flight
 z - 2 potions of curing
 A - a potion of experience
 B - a potion of mutation


   Skills:
 * Level 4.4 Fighting
 + Level 3.7 Short Blades
 + Level 3.0 Slings
 + Level 4.0 Dodging
 - Level 3.6 Stealth
 + Level 3.3 Spellcasting
 * Level 3.1 Conjurations
 - Level 3.7 Hexes


You had 6 spell levels left.
You knew the following spells:

 Your Spells              Type           Power        Failure   Level  Hunger
a - Corona                Hex            ###....      3%          1    None
b - Tukima's Dance        Hex            ###.....     11%         3    ###....
d - Dazzling Spray        Conj/Hex       ###...       12%         3    ###....

Your spell library contained the following spells:

 Spells                   Type           Power        Failure   Level  Hunger
 Ensorcelled Hibernation  Hex/Ice        #.....       11%         2    ##.....
 Confuse                  Hex            ###.....     11%         3    ###....


Dungeon Overview and Level Annotations

Branches:
Dungeon (7/15)             Temple (1/1) D:4

Altars:
Ashenzari
Cheibriados
Dithmenos
Elyvilon
Fedhas
Gozag
Hepliaklqana
Kikubaaqudgha
Makhleb
Nemelex Xobeh
Okawaru
Qazlal
Ru
Sif Muna
Uskayaw
Wu Jian
Xom
Yredelemnul
Zin
The Shining One

Shops:
D:6 [

Annotations:
D:4 Pikel


Innate Abilities, Weirdness & Mutations

You cannot be hasted, slowed, berserked, paralysed or teleported.
You can dig through walls and to a lower floor.
Your four strong arms can wield two-handed weapons with a shield.
You have a pair of large antennae on your head. (SInv)


Message History

Aiming: Dazzling Spray (safe; 12% risk of failure)
Press: ? - help, Shift-Dir - straight line, f/p - Pikel
Aim: Pikel, wielding a +1 whip of electrocution and wearing a +0 robe (moderately wounded)
The spray of energy hits Pikel but does no damage.
Pikel is moderately wounded.
Pikel is dazzled.
The spray of energy hits the slave.
The slave is moderately wounded.
The slave is dazzled.
The slave hits you. Pikel hits you but does no damage.
You barely miss Pikel.
Pikel is moderately wounded.
The slave misses you.
Pikel is no longer blind.
Pikel hits you with a +1 whip of electrocution.
You are electrocuted!!
* * * LOW HITPOINT WARNING * * *
Are you sure you want to shaft yourself?
You feel somewhat more hungry.
The slave is no longer blind.
Pikel hits you but does no damage.
You are electrocuted!!
You die...

#.### ##.# #...# #.# ###.#
#.. #.# ### ########### #.#
# #....(....##### #.# #
#.............# #.#
#.!.......p...# #.### ###
#.........@...# #...###..
#...<.....K...# ###..###.
#.........(...# ##.# #.
#.............###### #.###.
#..........((......###.##..
#..........(...###..##.#...
##########.......##..#.#...
#.......###.......
#.####............


You could see Pikel and a slave.

Vanquished Creatures
  A hippogriff (D:3)
  Menkaure (D:4)
  3 slaves
  A phantom (D:4)
  A centaur (D:7)
  Blork the orc (D:4)
  A howler monkey (D:4)
  An orc priest (D:3)
  A centaur skeleton (D:5)
  A hound (D:5)
  An orc wizard (D:5)
  3 worker ants (D:4)
  6 adders
  An ooze (D:7)
  5 worms
  3 dart slugs
  3 leopard geckos
  10 orcs
  2 ball pythons
  4 giant cockroaches
  7 goblins
  2 hobgoblins
  7 jackals
  2 quokkas
  7 bats
  5 kobolds
  A leopard gecko skeleton (D:4)
  A quokka skeleton (D:5)
  4 rats
86 creatures vanquished.

Notes
Turn   | Place    | Note
-------+----------+-------------------------------------------
     0 | D:1      | Esekla the Formicid Enchanter began the quest for the Orb.
     0 | D:1      | Reached XP level 1. HP: 13/13 MP: 3/3
   116 | D:1      | Found a snail-covered altar of Cheibriados.
   273 | D:1      | Reached XP level 2. HP: 15/20 MP: 5/5
   484 | D:2      | Reached skill level 1 in Fighting
   609 | D:2      | Reached XP level 3. HP: 12/26 MP: 6/6
   784 | D:2      | Found a basalt altar of Yredelemnul.
   987 | D:2      | You fall into a shaft and drop 1 floor!
   992 | D:3      | Learned a level 3 spell: Dazzling Spray
  1313 | D:2      | Found an iron altar of Okawaru.
  1316 | D:2      | Found a snail-covered altar of Cheibriados.
  1335 | D:2      | Found a stormy altar of Qazlal.
  1458 | D:2      | Found a blossoming altar of Fedhas.
  1462 | D:2      | Found an opulent altar of Gozag.
  1602 | D:2      | Reached XP level 4. HP: 32/32 MP: 7/7
  1992 | D:2      | Found a shimmering blue altar of Sif Muna.
  2272 | D:4      | Noticed Pikel
  2272 | D:4      | Noticed a slave
  2272 | D:4      | Noticed a slave
  2272 | D:4      | Noticed a slave
  2272 | D:4      | Noticed a slave
  2299 | D:3      | You fall into a shaft and drop 3 floors!
  2610 | D:6      | Found Molyocet's Armour Boutique.
  2650 | D:6      | Noticed a sky beast
  2677 | D:5      | Entered Level 5 of the Dungeon
  2705 | D:5      | Reached skill level 1 in Slings
  2705 | D:5      | Reached skill level 1 in Conjurations
  2875 | D:5      | Found a hazy altar of Hepliaklqana.
  3001 | D:4      | Noticed Blork the orc
  3079 | D:5      | Reached XP level 5. HP: 22/38 MP: 0/8
  3479 | D:4      | You fall into a shaft and drop 3 floors!
  3891 | D:4      | Noticed a hippogriff
  4026 | D:4      | Learned a level 3 spell: Tukima's Dance
  4225 | D:3      | You fall into a shaft and drop 3 floors!
  4580 | D:5      | Noticed a phantom
  4887 | D:4      | Noticed Menkaure
  4893 | D:4      | Killed Menkaure
  4893 | D:4      | Reached XP level 6. HP: 46/46 MP: 6/10
  4926 | D:4      | You fall into a shaft and drop 3 floors!
  5101 | D:7      | Reached XP level 7. HP: 42/52 MP: 4/11
  6841 | D:3      | Found an ornate altar of the Wu Jian Council.
  7033 | D:3      | Killed a hippogriff
  7033 | D:3      | Reached XP level 8. HP: 25/60 MP: 3/12
  7263 | D:4      | Killed Blork the orc
  7358 | D:4      | Found a staircase to the Ecumenical Temple.
  7370 | Temple   | Entered the Ecumenical Temple
  7775 | D:4      | Slain by Pikel

Levels and vault maps discovered:
D:1:      dpeg_arrival_subterranean_lakeside_camping, layout_loops_ring,
          cheibriados_altar_1
D:2:      layout_basic, lemuel_crystal_altar, lemuel_blue_sif_altar,
          nicolae_overflow_hidden_temple, kennysheep_generic_room_16
D:3:      layout_rooms, marbit_many_paths
D:4:      layout_rooms, temple_green, uniq_pikel, uniq_blork_the_orc,
          uniq_menkaure
D:5:      layout_basic, first_ration, basic_altar, kennysheep_pointless_box,
          kennysheep_generic_room_5
D:6:      layout_loops_ring, trog_ov_bears_minmay, serial_shops,
          kennysheep_little_box
D:7:      layout_loops_corners, vehumet_statue, serial_shops, shop,
          minmay_nine_imps
Temple:   hc_temple_tempest_star

Skill      XL: |  1  2  3  4  5  6  7  8 |
---------------+-------------------------+-----
Dodging        | 2 3 4 |  4.0
Fighting       | 1 2 3 4 |  4.4
Slings         | 1 2 3 |  3.0
Conjurations   | 1 2 3 |  3.1
Short Blades   | 2 3 |  3.7
Spellcasting   | 3 |  3.3
Stealth        | |  3.6
Hexes          | |  3.7

Action                   |  1- 3 |  4- 6 |  7- 9 || total
-------------------------+-------+-------+-------++-------
Melee: Dagger            |    65 |   188 |   269 ||   522
 Fire: Hunting sling     |    22 |    22 |    10 ||    54
Throw: Dart              |       |       |    11 ||    11
 Cast: Dazzling Spray    |       |    18 |    32 ||    50
 Abil: Shaft Self        |       |     4 |     1 ||     5
  Use: Scroll            |       |     9 |     1 ||    10
       Potion            |       |       |     1 ||     1
 Stab: Sleeping          |     5 |     6 |     2 ||    13
       Invisible         |       |     4 |     6 ||    10
  Eat: Chunk             |     2 |     3 |     5 ||    10
       Ration            |       |     3 |     3 ||     6
Armor: Robe              |    15 |    42 |    76 ||   133
Dodge: Dodged            |    50 |   161 |   211 ||   422
